 Dungeon Crawl Stone Soup version 0.17-a0-854-g4a4ba72 (webtiles) character file.

5376 FedoraBrony69 the Fighter (level 10, -1/101 HPs)
             Began as a Minotaur Berserker on Apr 28, 2015.
             Was an Elder of Trog.
             Slain by an orc warrior
             ... wielding a +0 great sword
              (16 damage)
             ... on level 8 of the Dungeon.
             The game lasted 00:14:00 (7065 turns).

FedoraBrony69 the Fighter (Minotaur Berserker)      Turns: 7065, Time: 00:14:00

Health: -1/101     AC: 12    Str: 26    XL:     10   Next: 39%
Magic:  9/9        EV:  6    Int:  4    God:    Trog [****..]
Gold:   385        SH:  7    Dex:  9    Spells: 0 memorised, 9 levels left

rFire  + . .     SeeInvis .     w - +0 whip (elec)
rCold  + . .     Clarity  .     E - +0 chain mail (curse)
rNeg   . . .     SustAb   +     b - +0 shield
rPois  +         Gourm    .     (helmet restricted)
rElec  +         Spirit   .     L - +0 cloak
rCorr  +         Warding  .     i - +0 pair of gloves (curse)
rMut   .         Stasis   .     K - +0 pair of boots (curse)
MR     ++...                    (no amulet)
Stlth  ..........               x - +1 ring of slaying
                                u - ring of sustain abilities

@: exhausted, resistant, regenerating, slowed, very slow, very resistant to
hostile enchantments, extremely unstealthy
A: retaliatory headbutt, horns 2
a: Burn Spellbooks, Berserk, Trog's Hand, Brothers in Arms, Renounce Religion


You were on level 8 of the Dungeon.
You worshipped Trog.
Trog was greatly pleased with you.
You were near starving.

You visited 2 branches of the dungeon, and saw 9 of its levels.

You collected 385 gold pieces.

Inventory:

Hand weapons
 a - a +2 dire flail of protection
 w - a +0 whip of electrocution (weapon)
Armour
 b - a +0 shield (worn)
 i - a cursed +0 pair of gloves (worn)
 t - a +2 pair of gloves
 E - a cursed +0 chain mail (worn)
 K - a cursed +0 pair of boots (worn)
 L - a +0 cloak (worn)
 P - a +1 robe of fire resistance
Magical staves
 Q - an uncursed staff of power {unknown}
Jewellery
 u - a ring of sustain abilities (left hand)
 x - a +1 ring of slaying (right hand)
Magical devices
 C - a wand of polymorph (10)
 G - a wand of hasting (4)
 M - a wand of cold (2)
Scrolls
 d - 11 scrolls of identify {unknown}
 e - 4 scrolls of fog {unknown}
 k - 2 scrolls of immolation {unknown}
 l - a scroll of teleportation {unknown}
 n - 2 scrolls of magic mapping {unknown}
 p - 5 scrolls of remove curse {unknown}
 s - a scroll of enchant weapon {unknown}
 y - 2 scrolls of random uselessness {unknown}
 D - 3 scrolls of enchant armour {unknown}
 H - a scroll of blinking {unknown}
 I - a scroll of fear {unknown}
 J - a scroll of amnesia {unknown}
Potions
 f - a potion of mutation {unknown}
 h - 2 potions of resistance
 j - 2 potions of poison
 m - a potion of magic
 r - a potion of restore abilities {unknown}
 v - 3 potions of curing
 z - a potion of degeneration {unknown}
 B - a potion of cancellation {unknown}
 F - a potion of brilliance {unknown}
 R - a potion of invisibility {unknown}
Books
 q - a Young Poisoner's Handbook

   Spells                             Type                      Level
   a - Sting                          Conjuration/Poison           1
   b - Cure Poison                    Poison                       2
   c - Mephitic Cloud                 Conjuration/Poison/Air       3
   d - Olgreb's Toxic Radiance        Poison                       4
   e - Venom Bolt                     Conjuration/Poison           5
   Trog disapproves of the use of such an item.
Comestibles
 c - 5 bread rations
 g - 4 fruits
 o - 5 beef jerkies
 A - 3 meat rations
 N - 5 chunks of flesh
 O - 7 slices of pizza


   Skills:
 + Level 13.1 Fighting
 + Level 13.1 Maces & Flails
 - Level 2.4 Armour
 - Level 2.1 Dodging


You had 9 spell levels left.
You didn't know any spells.

Dungeon Overview and Level Annotations

Branches:
Dungeon (8/15)             Temple (1/1) D:6
   Lair: D:8-11

Altars:
Ashenzari
Cheibriados
Dithmenos
Elyvilon
Fedhas
Gozag
Makhleb
Nemelex Xobeh
Okawaru
Ru
Sif Muna
Xom
Yredelemnul
Zin
The Shining One


Innate Abilities, Weirdness & Mutations

You reflexively headbutt those who attack you in melee.
You have a pair of horns on your head.


Message History

The orc warrior hits you with a great sword!
* * * LOW HITPOINT WARNING * * *
A wight comes into view. It is wielding an enchanted long sword.
Drink which item? (? for menu, Esc to quit)
It was a potion of resistance.
You feel protected.
The orc warrior hits you with a great sword.
* * * LOW HITPOINT WARNING * * *
Drink which item? (? for menu, Esc to quit)
It was a potion of poison.
You feel slightly nauseous. You block the orc warrior's attack.
Drink which item? (? for menu, Esc to quit)
It was a potion of magic.
Magic courses through your body.
You are near starving!
You block the orc warrior's attack.
The orc warrior hits you but does no damage.
Drink which item? (? for menu, Esc to quit)
It was a potion of curing.
You feel better.
The orc warrior hits you with a great sword!
You die...

.....#.#.. .....#.#.##
......[..... .
.....#....# ####..
.#..###..# ..... .
.........#### ...##.#
......)....... ......o
...)..###.. ####........
#......# #.###.)@oz...##
#.#....###..#..#$..#..#^#
#...........#[#..#....#
###....###....).####....
#....# ##.............
#...)####..#.###$##..
###..).).......## #
......(.......?.#
.#..#((.......#.....


You could see 2 orc warriors and a wight.

Vanquished Creatures
  Gastronok (D:8)
  The ghost of FedoraBrony69 the Cudgeler, an experienced MiBe of Trog (D:4)
  Grinder (D:3)
  Prince Ribbit (D:5)
  A hog (D:7)
  Sigmund (D:6)
  A human (D:7)
  A deep elf fighter (D:8)
  Edmund (D:4)
  3 phantoms
  An orc warrior (D:8)
  2 ice beasts
  A centaur (D:8)
  An ogre (D:7)
  Blork the orc (D:5)
  2 giant frogs
  3 scorpions
  4 killer bees (D:6)
  8 wights
  2 crimson imps (D:5)
  A hound (D:8)
  2 jellies
  A centaur skeleton (D:8)
  3 orc wizards
  Jessica (D:3)
  2 iguanas
  7 worker ants
  3 sheep (D:7)
  A hound skeleton (D:7)
  4 gnolls (D:3)
  8 adders
  A shadow imp (D:5)
  An adder zombie (D:8)
  18 orcs
  A ball python (D:7)
  2 bat skeletons
  A bat zombie (D:5)
  4 giant cockroaches
  11 hobgoblins
  13 kobolds
  3 quokkas
  A ball python zombie (D:6)
  16 bats
  3 giant geckos
  A giant gecko zombie (D:5)
  3 giant newts
  9 goblins
  A jackal skeleton (D:4)
  A quokka skeleton (D:5)
  16 rats
176 creatures vanquished.

Notes
Turn   | Place    | Note
--------------------------------------------------------------
     0 | D:1      | FedoraBrony69, the Minotaur Berserker, began the quest for the Orb.
     0 | D:1      | Reached XP level 1. HP: 19/19 MP: 0/0
   349 | D:1      | Reached skill level 4 in Fighting
   349 | D:1      | Reached XP level 2. HP: 27/27 MP: 1/1
   753 | D:2      | Acquired Trog's second power
   931 | D:2      | Reached XP level 3. HP: 19/34 MP: 2/2
  1782 | D:3      | Noticed Grinder
  1789 | D:3      | Reached skill level 5 in Maces & Flails
  1789 | D:3      | Reached XP level 4. HP: 19/41 MP: 3/3
  1794 | D:3      | Killed Grinder
  1794 | D:3      | Reached skill level 6 in Fighting
  1794 | D:3      | Reached XP level 5. HP: 15/50 MP: 4/4
  1794 | D:3      | Reached XP level 6. HP: 17/57 MP: 5/5
  1943 | D:3      | Found a sacrificial altar of Ru.
  2073 | D:3      | Noticed Jessica
  2085 | D:3      | Killed Jessica
  3156 | D:4      | Found a sparkling altar of Nemelex Xobeh.
  3234 | D:4      | Noticed FedoraBrony69's ghost (experienced MiBe)
  3248 | D:4      | Killed FedoraBrony69's ghost
  3248 | D:4      | Reached skill level 7 in Fighting
  3248 | D:4      | Reached XP level 7. HP: 67/67 MP: 6/6
  3346 | D:4      | Reached skill level 8 in Fighting
  3766 | D:4      | Noticed Edmund
  3773 | D:4      | Killed Edmund
  3824 | D:4      | Reached XP level 8. HP: 75/75 MP: 7/7
  3941 | D:5      | Entered Level 5 of the Dungeon
  3941 | D:5      | Noticed Blork the orc
  3948 | D:5      | Killed Blork the orc
  4034 | D:5      | Reached skill level 9 in Fighting
  4041 | D:5      | Acquired Trog's third power
  4289 | D:5      | Noticed Prince Ribbit
  4306 | D:5      | Killed Prince Ribbit
  4396 | D:5      | Reached skill level 10 in Fighting
  4396 | D:5      | Reached skill level 10 in Maces & Flails
  4848 | D:6      | Reached XP level 9. HP: 86/86 MP: 8/8
  5147 | D:6      | Noticed Sigmund
  5150 | D:6      | Killed Sigmund
  5150 | D:6      | Reached skill level 11 in Fighting
  5302 | D:6      | Found a staircase to the Ecumenical Temple.
  5312 | Temple   | Entered the Ecumenical Temple
  5738 | D:7      | Found a burning altar of Makhleb.
  6797 | D:8      | Reached skill level 12 in Maces & Flails
  7026 | D:8      | Noticed Gastronok
  7044 | D:8      | Killed Gastronok
  7044 | D:8      | Reached skill level 13 in Fighting
  7044 | D:8      | Reached XP level 10. HP: 101/101 MP: 9/9
  7061 | D:8      | HP: 3/101 [orc warrior/great sword (12)]
  7065 | D:8      | Slain by an orc warrior

Action                   |  1- 3 |  4- 6 |  7- 9 | 10-12 || total
-------------------------+-------+-------+-------+-------++-------
Melee: Mace              |    68 |    70 |       |       ||   138
       Whip              |       |    22 |   291 |    12 ||   325
       Dire flail        |       |       |     7 |       ||     7
Invok: Berserk           |     1 |     3 |     5 |       ||     9
       Trog's Hand       |       |       |     2 |     1 ||     3
  Use: Potion            |       |       |       |     4 ||     4
  Eat: Chunk             |     3 |     7 |    16 |       ||    26
       Pizza             |       |       |     1 |       ||     1
